[ AOE2 MATCH · #490102110 ]
UnrankedWu vs Incas
Player's team · WIN
Rival team · LOSS
[ REPLAY ANALYSIS · EXTRACTED FROM THE RECORDED GAME ]
Feudal
7:15
Castle
11:08
Imperial
31:14
| APM avg | 40.7 |
| APM peak | 67 |
| eAPM avg | 26.6 |
| Villagers / military | 134 / 15 |
Focus
⚔️ 30.0% · 🌾 70.0%
Unknown (1968) ×56 · Unknown (1974) ×56 · Mangonel ×8 · Militia ×4 · Unknown (1942) ×4 · Monk ×3
Feudal
7:10
Castle
13:10
Imperial
31:22
| APM avg | 28.7 |
| APM peak | 48 |
| eAPM avg | 20.0 |
| Villagers / military | 114 / 44 |
Focus
⚔️ 27.2% · 🌾 72.8%
Unknown (2550) ×65 · Archer ×37 · Battering Ram ×5 · Monk ×1 · Trebuchet (Packed) ×1
Match map
Initial resources + every placement click. Lines = walls · curves = elevation contours. ◆ gold · ⬟ stone · ● berries · ✦ relic · ◌ wall gap
Your base· ✓ Closed at 11:08 · 0t walls · 6 gate(s)
NPG | TeTiritaLaPerra's base· ✓ Closed at 13:10 · 0t walls · 7 gate(s)
Smoothed initial terrain · ◌ = detected wall gap · hover for details
Inputs per minute
— PSX | King - - NPG | TeTiritaLaPerra
Build order — PSX | King
First 150 of 435 actions detected
| 0:00 | Create | Villager (Male) |
| 0:00 | Create | Villager (Male) |
| 0:01 | Create | Villager (Male) |
| 0:07 | Build | Lumber Camp |
| 0:08 | Create | Villager (Male) |
| 0:31 | Build | Mill |
| 0:59 | Create | Villager (Male) |
| 0:59 | Create | Villager (Male) |
| 1:36 | Create | Villager (Male) |
| 1:50 | Create | Villager (Male) |
| 2:15 | Build | Lumber Camp |
| 2:16 | Create | Villager (Male) |
| 2:48 | Create | Villager (Male) |
| 3:16 | Create | Villager (Male) |
| 3:25 | Build | Mining Camp |
| 4:03 | Create | Villager (Male) |
| 4:15 | Build | Farm |
| 4:18 | Build | Farm |
| 4:20 | Create | Villager (Male) |
| 4:43 | Build | Farm |
| 4:47 | Research | Loom |
| 5:05 | Research | Feudal Age |
| 5:17 | Build | Farm |
| 5:42 | Create | Villager (Male) |
| 5:42 | Create | Villager (Male) |
| 7:15 | Age | Feudal Age |
| 7:16 | Build | Market |
| 7:19 | Build | Blacksmith |
| 8:28 | Research | Castle Age |
| 8:45 | Build | Farm |
| 8:46 | Build | Farm |
| 9:07 | Create | Villager (Male) |
| 9:11 | Research | Double-Bit Axe |
| 9:42 | Research | Horse Collar |
| 10:30 | Create | Villager (Male) |
| 11:08 | Age | Castle Age |
| 11:10 | Build | Monastery |
| 11:16 | Build | Town Center |
| 11:19 | Create | Villager (Male) |
| 11:41 | Create | Villager (Male) |
| 11:56 | Create | Monk |
| 12:14 | Create | Villager (Male) |
| 12:17 | Build | Farm |
| 12:33 | Create | Villager (Male) |
| 12:34 | Create | Monk |
| 12:40 | Build | Farm |
| 12:53 | Create | Villager (Male) |
| 12:53 | Create | Villager (Male) |
| 12:58 | Create | Villager (Male) |
| 13:10 | Create | Villager (Male) |
| 13:16 | Create | Villager (Male) |
| 13:22 | Create | Monk |
| 13:34 | Build | Farm |
| 13:36 | Build | Farm |
| 13:38 | Build | Farm |
| 13:40 | Create | Villager (Male) |
| 13:46 | Build | Farm |
| 13:48 | Create | Villager (Male) |
| 13:59 | Build | Farm |
| 14:12 | Create | Villager (Male) |
| 14:14 | Create | Villager (Male) |
| 14:15 | Create | Villager (Male) |
| 14:18 | Build | Farm |
| 14:26 | Create | Villager (Male) |
| 14:28 | Create | Unit 1968 |
| 14:48 | Research | Bow Saw |
| 14:49 | Create | Villager (Male) |
| 14:52 | Build | House |
| 14:58 | Create | Villager (Male) |
| 15:01 | Create | Unit 1968 |
| 15:12 | Research | Wheelbarrow |
| 15:19 | Create | Villager (Male) |
| 15:22 | Create | Unit 1968 |
| 15:28 | Build | House |
| 15:29 | Build | House |
| 15:31 | Build | House |
| 15:37 | Create | Villager (Male) |
| 15:41 | Build | House |
| 15:41 | Build | House |
| 15:43 | Create | Villager (Male) |
| 15:53 | Create | Villager (Male) |
| 16:25 | Build | Town Center |
| 16:27 | Create | Villager (Male) |
| 16:28 | Research | Wheelbarrow |
| 16:34 | Build | House |
| 16:34 | Build | House |
| 16:37 | Create | Villager (Male) |
| 16:40 | Build | House |
| 16:40 | Build | House |
| 16:46 | Research | Gold Mining |
| 16:47 | Create | Unit 1968 |
| 16:48 | Create | Unit 1968 |
| 16:57 | Create | Villager (Male) |
| 17:05 | Build | Siege Workshop |
| 17:12 | Create | Villager (Male) |
| 17:17 | Create | Villager (Male) |
| 17:22 | Build | House |
| 17:23 | Build | House |
| 17:27 | Build | House |
| 17:29 | Create | Villager (Male) |
| 17:37 | Create | Villager (Male) |
| 17:41 | Create | Villager (Male) |
| 17:41 | Create | Villager (Male) |
| 17:48 | Build | University |
| 17:50 | Create | Villager (Male) |
| 18:15 | Create | Villager (Male) |
| 18:17 | Build | Outpost |
| 18:43 | Create | Villager (Male) |
| 18:43 | Create | Villager (Male) |
| 18:44 | Create | Villager (Male) |
| 18:50 | Research | Fletching |
| 18:58 | Research | Ballistics |
| 18:59 | Create | Villager (Male) |
| 19:00 | Create | Villager (Male) |
| 19:08 | Build | House |
| 19:09 | Build | House |
| 19:19 | Create | Mangonel |
| 19:19 | Create | Mangonel |
| 19:20 | Create | Villager (Male) |
| 19:20 | Create | Villager (Male) |
| 19:28 | Build | Mining Camp |
| 19:37 | Create | Villager (Male) |
| 19:37 | Create | Villager (Male) |
| 19:40 | Build | Farm |
| 19:41 | Build | Farm |
| 19:42 | Build | Farm |
| 19:47 | Build | House |
| 19:48 | Build | House |
| 19:53 | Create | Villager (Male) |
| 19:53 | Create | Villager (Male) |
| 19:56 | Build | Outpost |
| 19:59 | Create | Villager (Male) |
| 20:04 | Create | Mangonel |
| 20:21 | Create | Villager (Male) |
| 20:21 | Create | Villager (Male) |
| 20:29 | Build | Farm |
| 20:30 | Build | Farm |
| 20:32 | Build | Outpost |
| 20:36 | Build | Outpost |
| 20:38 | Research | Loom |
| 20:39 | Research | Gold Shaft Mining |
| 20:40 | Research | Heavy Plow |
| 20:49 | Research | Bodkin Arrow |
| 20:52 | Create | Unit 1968 |
| 20:52 | Create | Unit 1968 |
| 20:56 | Create | Villager (Male) |
| 21:02 | Create | Mangonel |
| 21:03 | Create | Villager (Male) |
| 21:04 | Create | Unit 1968 |
| 21:12 | Build | Outpost |
Build order — NPG | TeTiritaLaPerra
First 150 of 318 actions detected
| 0:00 | Create | Villager (Male) |
| 0:00 | Create | Villager (Male) |
| 0:00 | Create | Villager (Male) |
| 0:07 | Build | Settlement |
| 0:19 | Create | Villager (Male) |
| 1:07 | Create | Villager (Male) |
| 1:08 | Create | Villager (Male) |
| 1:49 | Create | Villager (Male) |
| 2:25 | Create | Villager (Male) |
| 2:26 | Create | Villager (Male) |
| 2:31 | Create | Villager (Male) |
| 2:59 | Build | Settlement |
| 3:04 | Create | Villager (Male) |
| 3:08 | Create | Villager (Male) |
| 3:47 | Build | Farm |
| 3:48 | Build | Farm |
| 3:48 | Build | Farm |
| 3:48 | Build | Farm |
| 4:11 | Build | Farm |
| 4:37 | Build | Farm |
| 4:59 | Research | Feudal Age |
| 5:34 | Create | Villager (Male) |
| 5:37 | Create | Villager (Male) |
| 6:48 | Build | Farm |
| 6:50 | Build | Farm |
| 7:01 | Build | Farm |
| 7:02 | Create | Villager (Male) |
| 7:10 | Age | Feudal Age |
| 7:16 | Research | Horse Collar |
| 7:22 | Research | Double-Bit Axe |
| 8:24 | Create | Villager (Male) |
| 8:42 | Build | Blacksmith |
| 8:45 | Create | Villager (Male) |
| 8:51 | Create | Villager (Male) |
| 9:20 | Create | Villager (Male) |
| 9:47 | Build | Market |
| 9:50 | Create | Villager (Male) |
| 10:29 | Research | Castle Age |
| 10:29 | Research | Castle Age |
| 11:00 | Build | Farm |
| 11:04 | Research | Gold Mining |
| 11:32 | Research | Loom |
| 11:53 | Build | Barracks |
| 12:00 | Research | Forging |
| 12:02 | Research | Tech 1402 |
| 12:07 | Research | Scale Mail Armor |
| 12:41 | Create | Unit 2550 ×3 |
| 12:45 | Create | Villager (Male) |
| 13:02 | Create | Unit 2550 |
| 13:10 | Age | Castle Age |
| 13:16 | Build | Town Center |
| 13:20 | Create | Villager (Male) |
| 13:20 | Create | Villager (Male) |
| 13:26 | Research | Bow Saw |
| 13:37 | Create | Villager (Male) |
| 13:39 | Create | Villager (Male) |
| 13:51 | Build | Farm |
| 14:09 | Create | Villager (Male) |
| 14:13 | Create | Villager (Male) |
| 14:14 | Create | Villager (Male) |
| 14:18 | Build | Farm |
| 14:18 | Build | Farm |
| 14:19 | Build | Farm |
| 14:19 | Build | Farm |
| 14:19 | Build | Farm |
| 14:21 | Create | Villager (Male) |
| 14:36 | Create | Villager (Male) |
| 14:38 | Build | Farm |
| 14:38 | Build | Farm |
| 14:39 | Build | Farm |
| 14:39 | Build | Farm |
| 14:41 | Create | Villager (Male) |
| 15:05 | Create | Villager (Male) ×2 |
| 15:17 | Build | Farm |
| 15:17 | Build | Farm |
| 15:17 | Build | Farm |
| 15:18 | Build | Farm |
| 15:18 | Build | Farm |
| 15:26 | Create | Villager (Male) ×2 |
| 15:42 | Create | Villager (Male) |
| 15:42 | Create | Villager (Male) |
| 15:48 | Build | Farm |
| 16:09 | Create | Villager (Male) |
| 16:20 | Create | Villager (Male) |
| 16:25 | Build | Siege Workshop |
| 16:32 | Research | Tech 1351 |
| 16:37 | Create | Unit 2550 |
| 16:46 | Build | Farm |
| 17:01 | Create | Villager (Male) |
| 17:06 | Build | House |
| 17:14 | Build | Monastery |
| 17:17 | Create | Villager (Male) ×3 |
| 17:23 | Build | Farm |
| 17:34 | Create | Villager (Male) |
| 17:37 | Build | Farm |
| 17:38 | Build | Farm |
| 17:38 | Build | Farm |
| 17:38 | Build | Farm |
| 17:41 | Create | Villager (Male) |
| 17:48 | Build | Farm |
| 17:52 | Create | Monk |
| 17:56 | Build | House |
| 17:59 | Build | Farm |
| 17:59 | Build | Farm |
| 18:00 | Build | Farm |
| 18:00 | Build | Farm |
| 18:10 | Create | Unit 2550 ×5 |
| 18:21 | Create | Battering Ram |
| 18:23 | Create | Villager (Male) |
| 18:28 | Build | Farm |
| 18:36 | Build | Outpost |
| 18:42 | Research | Squires |
| 18:44 | Create | Villager (Male) |
| 19:09 | Create | Unit 2550 ×4 |
| 19:16 | Create | Villager (Male) |
| 19:16 | Create | Villager (Male) |
| 19:21 | Create | Battering Ram |
| 19:28 | Build | Outpost |
| 19:29 | Build | House |
| 19:33 | Research | Wheelbarrow |
| 19:46 | Build | Town Center |
| 19:49 | Build | House |
| 20:01 | Create | Unit 2550 ×3 |
| 20:12 | Create | Unit 2550 ×2 |
| 20:21 | Create | Battering Ram |
| 20:25 | Build | Farm |
| 20:25 | Build | Farm |
| 20:25 | Build | Farm |
| 20:37 | Create | Villager (Male) ×5 |
| 20:42 | Build | Barracks |
| 20:47 | Create | Unit 2550 |
| 20:55 | Create | Villager (Male) |
| 21:19 | Create | Villager (Male) |
| 21:27 | Create | Villager (Male) |
| 21:27 | Create | Villager (Male) |
| 21:41 | Research | Chain Mail Armor |
| 21:46 | Create | Unit 2550 |
| 21:46 | Create | Unit 2550 |
| 21:52 | Build | House |
| 21:53 | Create | Unit 2550 |
| 22:06 | Create | Villager (Male) |
| 22:08 | Build | Farm |
| 22:08 | Build | Farm |
| 22:09 | Build | Farm |
| 22:09 | Build | Farm |
| 22:12 | Build | Farm |
| 22:12 | Build | Farm |
| 22:13 | Build | Farm |
| 22:13 | Build | Farm |
| 22:13 | Build | Farm |
Match timeline
| 7:10 | NPG | TeTiritaLaPerra · age_up feudal |
| 7:15 | PSX | King · age_up feudal |
| 8:05 | PSX | King · first_market_buy 100 food |
| 8:06 | PSX | King · first_market_sell 100 stone |
| 11:08 | PSX | King · age_up castle |
| 11:10 | PSX | King · first_building Monastery |
| 11:53 | NPG | TeTiritaLaPerra · first_building Barracks |
| 13:10 | NPG | TeTiritaLaPerra · age_up castle |
| 16:25 | NPG | TeTiritaLaPerra · first_building Siege Workshop |
| 17:05 | PSX | King · first_building Siege Workshop |
| 17:14 | NPG | TeTiritaLaPerra · first_building Monastery |
| 24:48 | PSX | King · wall_segment Palisade Wall x1 |
| 24:50 | PSX | King · wall_segment Palisade Wall x1 |
| 24:51 | PSX | King · wall_segment Palisade Wall x1 |
| 24:52 | PSX | King · wall_segment Palisade Wall x1 |
| 24:54 | PSX | King · wall_segment Palisade Wall x1 |
| 24:55 | PSX | King · wall_segment Palisade Wall x1 |
| 25:51 | PSX | King · first_building Castle |
| 26:36 | NPG | TeTiritaLaPerra · first_building Archery Range |
| 27:08 | PSX | King · wall_segment Stone Wall x7 |
| 27:12 | PSX | King · wall_segment Stone Wall x1 |
| 27:25 | PSX | King · first_building Barracks |
| 28:05 | NPG | TeTiritaLaPerra · first_market_sell 100 food |
| 30:10 | PSX | King · wall_segment Stone Wall x5 |
| 30:14 | PSX | King · wall_segment Stone Wall x12 |
| 31:07 | NPG | TeTiritaLaPerra · first_market_buy 100 stone |
| 31:14 | PSX | King · age_up imperial |
| 31:22 | NPG | TeTiritaLaPerra · age_up imperial |
| 31:46 | NPG | TeTiritaLaPerra · first_building Castle |
| 32:48 | NPG | TeTiritaLaPerra · wall_segment Palisade Wall x1 |
| 34:35 | PSX | King · first_building Archery Range |
| 37:27 | NPG | TeTiritaLaPerra · resign |
[ AI ANALYSIS · 1 CREDIT ]
What really happened in this match?
Wolo.gg analyzes every decision: build order, eco, micro, common mistakes by bracket. Personalized analysis on WhatsApp or Discord in 30 seconds.
Civ guide
Wu
Perfil
Jugador #9733677